 Dungeon Crawl Stone Soup version 0.20.0 (webtiles) character file.

16524 GotZot the Martial Artist (level 11, -19/136 HPs)
             Began as a Demigod Transmuter on May 25, 2017.
             Demolished by an ettin
             ... wielding a +0 dire flail
              (31 damage)
             ... on level 2 of the Orcish Mines on May 26, 2017.
             The game lasted 00:55:54 (19266 turns).

GotZot the Martial Artist (Demigod Transmuter)     Turns: 19266, Time: 00:55:56

Health: -19/136    AC: 14    Str: 22    XL:     11   Next: 81%
Magic:  20/24      EV: 16    Int: 27    God:
Gold:   870        SH:  0    Dex: 14    Spells: 4/22 levels left

rFire    . . .     SeeInvis .     - Unarmed
rCold    + + .     Gourm    .   (shield currently unavailable)
rNeg     . . .     Faith    .   o - +2 robe of Koejosei {rCorr Int+4}
rPois    +         Spirit   .   e - +2 helmet
rElec    .         Reflect  .   s - +1 cloak {rPois}
rCorr    +         Harm     .   (gloves currently unavailable)
MR       ++...                  h - +0 pair of boots
Stlth    ..........             x - amulet of rage
Regen    0.4/turn               z - ring "Fokh" {rPois rC++ MR+ Str+4 Dex-2}
MPRegen  0.2/turn               F - +4 ring of protection

@: berserking, blade hands, very quick
A: high mp 1
a: End Transformation, Evoke Berserk Rage


You were on level 2 of the Orcish Mines.
You were hungry.
You had blades for hands.
You visited 3 branches of the dungeon, and saw 15 of its levels.

You collected 1413 gold pieces.
You spent 543 gold pieces at shops.

Inventory:

Missiles
 a - 180 arrows
Armour
 e - a +2 helmet (worn)
 f - a cursed +0 pair of gloves (melded)
 h - a +0 pair of boots (worn)
 o - the +2 robe of Koejosei (worn) {rCorr Int+4}
   (You found it on level 2 of the Lair of Beasts)

   It affects your intelligence (+4).
   It protects you from acid and corrosion.
 s - a +1 cloak of poison resistance (worn)
Jewellery
 g - an uncursed ring of teleportation
 x - an amulet of rage (around neck)
 y - a +1 ring of slaying
 z - the ring "Fokh" (left scythe-like blade) {rPois rC++ MR+ Str+4 Dex-2}
   (You bought it in a shop on level 4 of the Dungeon)

   [ring of poison resistance]

   It affects your strength (+4).
   It affects your dexterity (-2).
   It greatly protects you from cold.
   It protects you from poison.
   It affects your resistance to hostile enchantments.
 F - a +4 ring of protection (right scythe-like blade)
 K - an uncursed amulet of harm
Wands
 r - a wand of confusion (17/48)
 D - a wand of lightning (9/15)
 E - a wand of polymorph (10/24)
 N - a wand of iceblast (10/15)
 O - a wand of disintegration (9/24)
Scrolls
 j - 2 scrolls of teleportation
 m - 6 scrolls of identify
 q - 2 scrolls of amnesia
 u - 2 scrolls of random uselessness
 A - a scroll of magic mapping
 H - 3 scrolls of remove curse
 L - a scroll of recharging
Potions
 k - a potion of might
 t - a potion of haste
 v - 7 potions of flight
 w - a potion of cancellation
 B - a potion of brilliance
 C - a potion of curing
 I - a potion of lignification
Books
 c - a book of Changes

   Spells                             Type                      Level
   a - Beastly Appendage              Transmutation                1
   b - Sticks to Snakes               Transmutation                2
   c - Spider Form                    Transmutation/Poison         3
   d - Ice Form                       Ice/Transmutation            4
   e - Blade Hands                    Transmutation                5
 G - a book of Necromancy

   Spells                             Type                      Level
   a - Pain                           Necromancy                   1
   b - Animate Skeleton               Necromancy                   1
   c - Vampiric Draining              Necromancy                   3
   d - Regeneration                   Charms/Necromancy            3
   e - Animate Dead                   Necromancy                   4
   f - Control Undead                 Necromancy                   4
 J - a book of Cantrips

   Spells                             Type                      Level
   a - Confusing Touch                Hexes                        1
   b - Animate Skeleton               Necromancy                   1
   c - Summon Small Mammal            Summoning                    1
   d - Apportation                    Translocation                1
Comestibles
 b - 5 chunks of flesh
 d - 8 bread rations
 i - 2 fruits
 l - 2 meat rations
 p - 7 royal jellies


   Skills:
 + Level 6.8 Fighting
 + Level 7.2 Dodging
 * Level 10.5 Unarmed Combat
 - Level 6.3 Spellcasting
 - Level 9.4 Transmutations
 * Level 2.8 Evocations


You had 4 spell levels left.
You knew the following spells:

 Your Spells              Type           Power        Failure   Level  Hunger
a - Beastly Appendage     Tmut           ######       8%          1    None
b - Spider Form           Tmut/Pois      ####......   24%         3    None
c - Sticks to Snakes      Tmut           ######..     9%          2    None
d - Blade Hands           Tmut           ######....   28%         5    #####..
e - Regeneration          Chrm/Necr      #.........   61%         3    None
f - Control Undead        Necr           #.........   88%         4    ###....


Dungeon Overview and Level Annotations

Branches:
Dungeon (11/15)            Temple (0/1) D:7            Lair (2/6) D:10
    Orc (2/2) D:10            Elf (0/3) Orc:2
  Swamp: Lair:2-4    Shoals: Lair:2-4     Snake: Lair:2-4    Spider: Lair:2-4

Shops:
D:4 =

Annotations:
D:4 exclusion: statue
Lair:1 exclusion: oklob plant


Innate Abilities, Weirdness & Mutations

You have an increased reservoir of magic. (+10% MP)


Message History

Okay, then.
Okay, then.
You slice the ettin!!
The ettin is heavily wounded.
The ettin hits you with a dire flail!!! The ettin hits you but does no damage.
You hear a shout! x2
Okay, then.
Okay, then.
You barely miss the ettin.
The ettin is heavily wounded.
The ettin hits you with a dire flail. The ettin hits you with a dire flail!
* * * LOW HITPOINT WARNING * * *
An orc warrior comes into view. It is wielding a scimitar.
A red film seems to cover your vision as you go berserk!
You feel yourself moving faster!
You feel mighty!
You are feeling hungry.
The ettin hits you with a dire flail!!
* * * LOW HITPOINT WARNING * * *
The ettin hits you with a dire flail!!
You die...

.....# *,,,** *,,,,* ))#### *****
****** )).## ##########*********
....## ###.........,,,,,,,,,
.....# ##....#......,,,,,,,,,
.....### ##...$........,,,,,,,,,
.....#.## #..........#..,,,,,,,,,
........# ##.......##...,,*,,,,,,
........# #.....@C....o.,,,,,,,,,
##.<....####..#)........,,,,,,,,,
#.......#....)))........,,,,,,,,,
###...........))........,,,,,,,,,
#........#............o,,,,,,,,,
##).....####............,,,,,,,,,
#....#..# #...##.......,,,,,,,,,
.....#.## ##.##*.......,,,,,,,,,
<...#### ### *...#.$,,,,,,,,,,


You could see an ettin, an orc warrior and an orc priest.

Vanquished Creatures
  An ettin (Orc:1)
  A hydra (Lair:1)
  3 two-headed ogres
  The ghost of Rufus the Skirmisher, a novice NaFi (D:9)
  Pikel (D:7)
  A cyclops (Orc:1)
  3 spiny frogs
  A komodo dragon (Lair:1)
  3 trolls
  3 hippogriffs
  A spriggan (D:9)
  A wyvern (D:10)
  13 yaks
  A basilisk (D:10)
  3 hungry ghosts
  A warg (D:10)
  2 water moccasins
  9 orc warriors
  3 sky beasts
  3 ice beasts
  An eye of draining (D:10)
  A slave (D:7)
  3 phantoms
  A black bear (D:5)
  A necrophage (D:7)
  4 centaurs
  6 ogres
  5 wolves (Lair:2)
  3 crocodiles
  11 bullfrogs
  A gnoll sergeant (D:10)
  A killer bee (D:9)
  2 scorpions
  3 wights (D:10)
  3 howler monkeys
  An electric eel (D:7)
  A centaur zombie (D:5)
  5 crimson imps
  A bullfrog zombie (D:6)
  5 hounds
  7 jellies
  10 orc priests
  9 orc wizards
  Crazy Yiuf (D:2)
  3 centaur skeletons
  3 iguanas
  2 bullfrog skeletons
  4 worker ants
  A killer bee zombie (D:9)
  A hound skeleton (D:4)
  A worker ant zombie (D:9)
  9 gnolls
  2 howler monkey skeletons
  11 adders
  3 shadow imps
  4 adder skeletons
  4 worms
  7 dart slugs
  4 leopard geckos
  62 orcs
  4 giant cockroaches
  10 goblins
  6 hobgoblins
  11 jackals
  12 kobolds
  A quokka (D:2)
  A ball python (D:2)
  12 bats
  3 frilled lizards
  A leopard gecko zombie (D:5)
  6 rats
329 creatures vanquished.

Vanquished Creatures (others)
  A hungry ghost (D:7)
  3 slaves (D:7)
  An electric eel (D:7)
  2 orcs (D:7)
7 creatures vanquished.

Grand Total: 336 creatures vanquished

Notes
Turn   | Place    | Note
-------+----------+-------------------------------------------
     0 | D:1      | GotZot the Demigod Transmuter began the quest for the Orb.
     0 | D:1      | Reached XP level 1. HP: 15/15 MP: 5/5
   287 | D:1      | Reached skill level 1 in Fighting
   363 | D:1      | Reached XP level 2. HP: 21/23 MP: 5/7
   599 | D:1      | Reached skill level 3 in Unarmed Combat
   938 | D:1      | Reached XP level 3. HP: 25/28 MP: 6/8
  1598 | D:2      | Learned a level 3 spell: Spider Form
  1977 | D:2      | HP: 1/28 [gnoll/spear (7)]
  2339 | D:2      | Reached XP level 4. HP: 32/35 MP: 6/10
  2865 | D:2      | Found a runed door.
  2972 | D:2      | Noticed Crazy Yiuf
  2983 | D:2      | Killed Crazy Yiuf
  3662 | D:3      | Found a stormy altar of Qazlal.
  3664 | D:3      | Found a deep blue altar of Sif Muna.
  3668 | D:3      | Found a basalt altar of Yredelemnul.
  3669 | D:3      | Found a glowing silver altar of Zin.
  3671 | D:3      | Found an iron altar of Okawaru.
  3715 | D:3      | Reached XP level 5. HP: 26/41 MP: 8/11
  4120 | D:3      | Learned a level 2 spell: Sticks to Snakes
  5293 | D:4      | Found Canorax's Jewellery Shoppe.
  5334 | D:4      | Found a white marble altar of Elyvilon.
  5405 | D:4      | Found a radiant altar of Vehumet.
  5581 | D:4      | Reached XP level 6. HP: 36/48 MP: 10/13
  5593 | D:4      | Reached skill level 4 in Unarmed Combat
  5933 | D:4      | Found an iron altar of Okawaru.
  6345 | D:4      | Reached XP level 7. HP: 38/56 MP: 11/14
  6580 | D:5      | Entered Level 5 of the Dungeon
  7835 | D:6      | Found a bloodstained altar of Trog.
  7845 | D:5      | Reached skill level 5 in Unarmed Combat
  8410 | D:6      | Reached XP level 8. HP: 41/63 MP: 6/16
  8494 | D:6      | Reached skill level 5 in Transmutations
  9312 | D:7      | Found a staircase to the Ecumenical Temple.
  9313 | D:7      | Noticed Pikel
  9347 | D:7      | Reached skill level 6 in Unarmed Combat
  9371 | D:7      | Killed Pikel
  9695 | D:7      | Reached XP level 9. HP: 64/71 MP: 15/18
 10357 | D:6      | Reached skill level 7 in Unarmed Combat
 10881 | D:8      | Noticed a two-headed ogre
 10885 | D:8      | Reached skill level 5 in Dodging
 10903 | D:8      | Killed a two-headed ogre
 11775 | D:8      | Noticed a two-headed ogre
 11800 | D:8      | Killed a two-headed ogre
 11800 | D:8      | Reached skill level 5 in Fighting
 11800 | D:8      | Reached skill level 8 in Unarmed Combat
 11800 | D:8      | Reached XP level 10. HP: 43/81 MP: 19/21
 11982 | D:8      | Reached skill level 5 in Spellcasting
 12211 | D:8      | Learned a level 5 spell: Blade Hands
 12436 | D:8      | Learned a level 3 spell: Regeneration
 12747 | D:9      | Noticed Rufus's ghost (novice NaFi)
 12764 | D:9      | Killed Rufus's ghost
 12892 | D:10     | Entered Level 10 of the Dungeon
 12894 | D:10     | Found a staircase to the Lair.
 12895 | D:10     | Noticed a two-headed ogre
 12904 | D:10     | Killed a two-headed ogre
 13049 | D:10     | Reached skill level 9 in Unarmed Combat
 13525 | Lair:1   | Entered Level 1 of the Lair of Beasts
 13855 | D:4      | Bought the ring "Fokh" {rPois rC++ MR+ Str+4 Dex-2} for 543 gold pieces
 14039 | D:9      | Found a blossoming altar of Fedhas.
 14125 | D:9      | Learned a level 4 spell: Control Undead
 14343 | D:9      | Reached XP level 11. HP: 89/89 MP: 19/23
 15860 | D:9      | Got a faintly glowing chain mail
 15861 | D:9      | Identified the cursed +0 chain mail of Autumn {Str+4 Dex+4} (You found it on level 9 of the Dungeon)
 16480 | Lair:2   | Noticed a six-headed hydra
 16777 | Lair:2   | Got a wizard robe
 16801 | Lair:2   | Identified the +2 robe of Koejosei {rCorr Int+4} (You found it on level 2 of the Lair of Beasts)
 17201 | Lair:1   | Noticed a four-headed hydra
 17211 | Lair:1   | Killed a four-headed hydra
 17211 | Lair:1   | Reached skill level 10 in Unarmed Combat
 17669 | D:10     | Found a staircase to the Orcish Mines.
 18076 | Orc:1    | Entered Level 1 of the Orcish Mines
 18086 | Orc:1    | Noticed an ettin
 18088 | D:10     | Reached skill level 1 in Evocations
 18301 | Orc:1    | Killed an ettin
 18815 | Orc:2    | Entered Level 2 of the Orcish Mines
 19259 | Orc:2    | Noticed an ettin
 19266 | Orc:2    | Demolished by an ettin

Skill      XL: |  1  2  3  4  5  6  7  8  9 10 11 |
---------------+----------------------------------+-----
Fighting       | 1 2 3 4 5 6 |  6.8
Dodging        | 2 3 4 5 6 7 |  7.2
Unarmed Combat | 3 4 5 6 8 9 10 | 10.5
Spellcasting   | 2 3 4 5 6 |  6.3
Transmutations | 2 3 4 6 7 8 9 |  9.4
Evocations     | 2 |  2.8

Action                   |  1- 3 |  4- 6 |  7- 9 | 10-12 || total
-------------------------+-------+-------+-------+-------++-------
Melee: Unarmed           |   142 |   268 |   314 |   415 ||  1139
       Kick              |    27 |    40 |     2 |       ||    69
       Headbutt          |     1 |       |       |       ||     1
       Punch             |     1 |     1 |       |     8 ||    10
 Cast: Beastly Appendage |    23 |    28 |     2 |       ||    53
       Spider Form       |     6 |    17 |    43 |    42 ||   108
       Sticks to Snakes  |       |       |     4 |     2 ||     6
       Blade Hands       |       |       |       |    15 ||    15
 Abil: Evoke Berserk Rag |       |       |     2 |     9 ||    11
Evoke: Wand              |       |       |     1 |     1 ||     2
  Use: Potion            |     2 |     2 |     9 |       ||    13
       Scroll            |       |    12 |     8 |    13 ||    33
 Stab: Sleeping          |       |     3 |     1 |       ||     4
       Distracted        |       |       |     1 |       ||     1
       Confused          |       |       |     1 |       ||     1
  Eat: Chunk             |     5 |    11 |    18 |    28 ||    62
       Meat ration       |       |     1 |       |       ||     1
       Bread ration      |       |       |     1 |     1 ||     2
       Fruit             |       |       |       |     7 ||     7
Armor: Robe              |    31 |    29 |     7 |    19 ||    86
       Skin              |     1 |     6 |    12 |    14 ||    33
Dodge: Dodged            |   116 |   196 |   362 |   323 ||   997
